 Dungeon Crawl Stone Soup version 0.27.0-1-g7a089689b8 (webtiles) character file.

Game seed: 6020204521871430147

23513 Malachi the Imperceptible (level 13, 0/72 HPs)
             Began as a Kobold Enchanter on Aug 12, 2021.
             Was an Elder of Dithmenos.
             Slain by a komodo dragon (24 damage)
             ... on level 1 of the Lair of Beasts.
             The game lasted 00:39:12 (20103 turns).

Malachi the Imperceptible (Kobold Enchanter)       Turns: 20103, Time: 00:39:13

Health: 0/72       AC: 14    Str:  9    XL:     13   Next: 35%
Magic:  6/23       EV: 17    Int: 20    God:    Dithmenos [****..]
Gold:   675        SH:  5    Dex: 16    Spells: 17/25 levels left

rFire    . . .     SeeInvis .   n - +3 short sword (elec)
rCold    + . .     Faith    .   (shield restricted)
rNeg     . . .     Spirit   .   B - +1 robe {Will+}
rPois    .         Reflect  +   z - +1 hat {Stlth+}
rElec    .         Harm     .   h - +0 cloak
rCorr    .         Rampage  .   x - +0 pair of gloves {Str+3}
Will     +....                  f - +0 pair of boots Stlth ****++++++
                                l - amulet of reflection
HPRegen  0.22/turn              y - ring of protection from cold
MPRegen  0.18/turn              (no ring)

@: ice-armoured, wreathed by umbra
A: small, no large weapons, nightstalker 3, talons 1, sense surroundings 1
a: Renounce Religion, Shadow Step


You were on level 1 of the Lair of Beasts.
You worshipped Dithmenos.
Dithmenos was greatly pleased with you.
You visited 3 branches of the dungeon, and saw 15 of its levels.
You also visited: Bailey.

You collected 675 gold pieces.

Inventory:

Hand Weapons
 c - a +0 dagger of flaming
 i - a +1 dagger of protection
 j - a +1 short sword of venom
 n - a +3 short sword of electrocution (weapon)
 E - a +1 rapier of electrocution
Armour
 f - a +0 pair of boots (worn)
 h - a +0 cloak (worn)
 q - a scarf of harm
 r - +0 steam dragon scales
 x - a +0 pair of gloves of strength (worn)
 z - a +1 hat of stealth (worn)
 B - a +1 robe of willpower (worn)
Jewellery
 l - an amulet of reflection (around neck)
 y - a ring of protection from cold (left hand)
 I - a ring of willpower
Wands
 a - a wand of acid (12)
 b - a wand of paralysis (6)
 p - a wand of flame (15)
 A - a wand of polymorph (3)
 C - a wand of iceblast (10)
 J - a wand of mindburst (10)
Scrolls
 d - 3 scrolls of identify
 k - 7 scrolls of fog
 u - 6 scrolls of magic mapping
 v - 5 scrolls of teleportation
 H - 4 scrolls of enchant armour
Potions
 e - a potion of cancellation
 g - 6 potions of brilliance
 m - a potion of lignification
 o - a potion of attraction
 s - a potion of resistance
 t - 3 potions of might
 w - 2 potions of invisibility
 F - 2 potions of curing
 G - 2 potions of haste
Miscellaneous
 D - a tin of tremorstones (2/2)


   Skills:
 + Level 4.6 Fighting
 + Level 9.1 Short Blades
 + Level 5.7 Dodging
 * Level 21.0 Stealth
 + Level 1.0 Shields
 + Level 6.9 Spellcasting
 + Level 6.9 Hexes
 + Level 5.4 Ice Magic
 + Level 0.4 Evocations


You had 17 spell levels left.
You knew the following spells:

 Your Spells              Type           Power      Damage    Failure   Level
a - Ozocubu's Armour      Ice            28%        N/A       3%          3
b - Ensorcelled Hibernat  Hex/Ice        62%        N/A       1%          2
c - Confusing Touch       Hex            34%        N/A       1%          3

Your spell library contained the following spells:

 Spells                   Type           Power      Damage    Failure   Level
 Corona                   Hex            37%        N/A       1%          1
 Tukima's Dance           Hex            34%        N/A       1%          3
 Frozen Ramparts          Ice            56%        1d7       3%          3
 Dazzling Flash           Conj/Hex       40%        N/A       7%          3
 Summon Guardian Golem    Hex/Summ       20%        N/A       7%          3
 Beastly Appendage        Tmut           12%        N/A       10%         1
 Magic Dart               Conj           24%        1d4       10%         1
 Sting                    Tmut/Pois      24%        1d4       10%         1
 Call Imp                 Summ           6%         N/A       14%         2
 Poisonous Vapours        Pois/Air       12%        N/A       14%         2
 Wereblood                Tmut           6%         N/A       14%         2
 Fulminant Prism          Conj/Hex       10%        3d9       22%         4
 Gell's Gravitas          Tloc           3%         N/A       28%         3
 Ignite Poison            Fire/Tmut/Pois 6%         N/A       28%         3
 Mephitic Cloud           Conj/Pois/Air  6%         N/A       28%         3
 Spider Form              Tmut/Pois      3%         N/A       28%         3
 Stone Arrow              Conj/Erth      12%        3d7       28%         3
 Ice Form                 Ice/Tmut       17%        N/A       30%         4
 Summon Ice Beast         Ice/Summ       17%        N/A       30%         4
 Animate Armour           Summ/Erth      12%        N/A       67%         4
 Iskenderun's Mystic Bla  Conj/Tloc      6%         2d4       67%         4
 Olgreb's Toxic Radiance  Pois           6%         N/A       67%         4
 Lee's Rapid Deconstruct  Erth           3%         3d6*      95%         5
 Statue Form              Tmut/Erth      4%         N/A       100%        6
 Orb of Destruction       Conj           3%         9d1       100%        7
 Ozocubu's Refrigeration  Ice            14%        4d7       100%        7
 Spellforged Servitor     Conj/Summ      3%         N/A       100%        7
 Lehudib's Crystal Spear  Conj/Erth      3%         10d2      100%        8


Dungeon Overview and Level Annotations

Branches:
Dungeon (13/15)            Temple (1/1) D:6            Lair (1/6) D:8
    Orc (0/2) D:9          Bailey (visited)
 Vaults: D:13-14

Altars:
Ashenzari
Cheibriados
Dithmenos
Elyvilon
Fedhas
Gozag
Hepliaklqana
Kikubaaqudgha
Makhleb
Nemelex Xobeh
Okawaru
Qazlal
Ru
Sif Muna
Trog
Uskayaw
Vehumet
Wu Jian
Xom
Yredelemnul
Zin
The Shining One
Beogh

Shops:
D:2 :   D:6 [

Portals:
Trove: D:10 (give +3 fire dragon scales)


Innate Abilities, Weirdness & Mutations

You are small and have problems with some larger weapons.
You are completely attuned to the shadows.
You have sharp toenails.
You passively map a small area around you.


Message History

You spit the wolf like a pig!!!!
You kill the wolf!
Dithmenos accepts your kill.
Your shadow now sometimes tangibly mimics your actions.
Casting: Ensorcelled Hibernation (safe; 1% risk of failure)
Confirm with . or Enter, or press ? or * to list all spells.
Aiming: Ensorcelled Hibernation (safe; 1% risk of failure)
Press: ? - help, Shift-Dir - straight line, f - cane toad
Aim: a cane toad (umbra, chance to affect: 60%)
The cane toad resists with significant effort.
Your shadow mimicks your spell!
The cane toad resists with some effort.
The cane toad stings you.
The komodo dragon hisses menacingly.
Casting: Ensorcelled Hibernation (safe; 1% risk of failure)
Confirm with . or Enter, or press ? or * to list all spells.
Your hands begin to glow red.
The cane toad completely misses you. You block the cane toad's attack.
You hit the cane toad but do no damage.
The cane toad appears confused.
The cane toad completely misses you.
You hit the cane toad.
The cane toad is lightly wounded.
You completely miss the cane toad.
The cane toad is lightly wounded.
Casting: Confusing Touch (safe; 1% risk of failure)
Confirm with . or Enter, or press ? or * to list all spells.
Your hands begin to glow red.
The cane toad stings the komodo dragon but does no damage.
The komodo dragon bites you!!
You hit the komodo dragon but do no damage.
The komodo dragon appears confused.
You hit the komodo dragon.
The komodo dragon is lightly wounded.
The komodo dragon bites you but does no damage.
A wolf comes into view.
The wolf howls!
You hit the komodo dragon but do no damage.
The komodo dragon is lightly wounded.
You hear a croak.
You hear a howl!
The komodo dragon bites you!!
You die...

♣≈≈P≈≈≈ **#.
..≈≈≈≈≈ ,* ...
.P≈≈≈≈≈≈ * #...
* .≈≈≈≈≈, ,*
♣##.... †≈≈≈≈≈
,, ♣#F...#*
≈≈≈≈≈≈ ♣...h##
≈≈≈≈≈≈ , ♣?..##
≈≈≈≈≈≈≈ , *
♣♣♣l##
≈≈≈≈≈≈≈..,
♣♣.@##
.≈≈≈≈≈≈..
♣....####
..≈≈≈≈...
♣......P#
.........
♣.......###
........♣
...........##
.........,
............#
#.....#..
*,...........#*
* ......# .
##.#.#...#. ,,
.....PP.
**#..#...... ,


You could see a komodo dragon (confused), a cane toad (confused) and a wolf.

Vanquished Creatures
  2 boulder beetles
  2 hydras
  Erica (D:8)
  5 two-headed ogres
  An orc knight (Bailey)
  A manticore (D:12)
  2 cyclopes
  Maurice (D:8)
  2 gargoyles (D:12)
  A cane toad (Lair:1)
  A kobold demonologist (D:11)
  2 unseen horrors
  An efreet (D:13)
  3 komodo dragons
  2 trolls
  6 slime creatures (D:13)
  5 shadows
  A wyvern (D:8)
  11 yaks
  5 vampire mosquitoes
  A steam dragon (D:8)
  3 water moccasins
  An acid dragon (D:12)
  5 hell hounds
  14 orc warriors
  3 black bears
  An ice beast (D:6)
  6 sky beasts
  2 necrophages
  2 ogres
  7 wolves (Lair:1)
  4 centaurs
  A phantom (D:4)
  2 bullfrogs
  3 kobold brigands
  Blork the orc (D:5)
  2 gnoll sergeants (D:9)
  A wyvern skeleton (D:7)
  4 wights (D:9)
  5 killer bees (D:8)
  2 electric eels (D:8)
  The ghost of kukildenkimon the Sneak, a weakling OpAM of Jiyva (D:3)
  7 howler monkeys
  3 jellies
  3 centaur zombies
  4 hounds
  2 gnoll shamans
  5 orc priests
  A centaur skeleton (D:6)
  Jessica (D:2)
  A bullfrog skeleton (D:3)
  4 orc wizards
  4 iguanas
  Ijyb (D:4)
  2 killer bee zombies
  2 howler monkey skeletons
  2 howler monkey zombies
  21 gnolls
  5 adders
  A worm (D:5)
  2 dart slugs (D:1)
  37 orcs
  5 bats
  6 endoplasms
  A giant cockroach (D:1)
  6 hobgoblins
  4 jackals (D:5)
  19 kobolds
  2 quokkas
  6 ball pythons
  5 frilled lizards
  10 goblins
  6 rats
304 creatures vanquished.

Vanquished Creatures (collateral kills)
  3 yaks (D:10)
3 creatures vanquished.

Vanquished Creatures (others)
  15 fungi
  15 plants
  7 toadstools (Lair:1)
37 creatures vanquished.

Grand Total: 344 creatures vanquished

Notes
Turn   | Place    | Note
-------+----------+-------------------------------------------
     0 | D:1      | Malachi the Kobold Enchanter began the quest for the Orb.
     0 | D:1      | Reached XP level 1. HP: 10/10 MP: 3/3
   121 | D:1      | Reached XP level 2. HP: 14/15 MP: 5/5
   481 | D:1      | Reached XP level 3. HP: 19/19 MP: 6/6
  1280 | D:2      | Found a glowing golden altar of the Shining One.
  1280 | D:2      | Noticed Jessica
  1287 | D:2      | Killed Jessica
  1288 | D:2      | Reached skill level 5 in Stealth
  1288 | D:2      | Reached XP level 4. HP: 12/24 MP: 7/7
  1463 | D:2      | Found a faded altar of an unknown god.
  1949 | D:2      | Found Tiplup's Book Emporium.
  2503 | D:3      | Learned a level 2 spell: Ensorcelled Hibernation
  2507 | D:3      | Learned a level 3 spell: Confusing Touch
  2650 | D:3      | Found a large runed translucent door.
  2650 | D:3      | Found a large runed translucent door.
  3294 | D:3      | Reached XP level 5. HP: 13/28 MP: 5/8
  3561 | D:3      | Reached skill level 6 in Stealth
  3568 | D:3      | Noticed an orc warrior
  3670 | D:3      | Killed an orc warrior
  3671 | D:3      | Reached skill level 7 in Stealth
  3671 | D:3      | Reached XP level 6. HP: 33/33 MP: 6/10
  3996 | D:3      | Noticed kukildenkimon's ghost (weakling OpAM)
  4000 | D:3      | Killed kukildenkimon's ghost
  4027 | D:4      | Noticed Ijyb
  4029 | D:4      | Killed Ijyb
  4043 | D:4      | Reached skill level 8 in Stealth
  4043 | D:4      | Reached skill level 1 in Ice Magic
  4043 | D:4      | Reached XP level 7. HP: 37/37 MP: 8/11
  4104 | D:4      | Reached skill level 1 in Fighting
  5143 | D:4      | Reached skill level 9 in Stealth
  5626 | D:5      | Entered Level 5 of the Dungeon
  5734 | D:5      | Reached XP level 8. HP: 43/43 MP: 12/12
  5887 | D:5      | Reached skill level 10 in Stealth
  5937 | D:5      | Noticed Blork the orc
  6214 | D:5      | Killed Blork the orc
  6364 | D:5      | Found a burning altar of Makhleb.
  6609 | D:6      | Reached skill level 11 in Stealth
  6614 | D:6      | You fall into a shaft and drop 1 floor!
  6686 | D:7      | Reached XP level 9. HP: 47/47 MP: 14/14
  6713 | D:7      | Reached skill level 12 in Stealth
  8898 | D:6      | Reached skill level 5 in Short Blades
  8981 | D:6      | Found Kisez's Antique Armour Shoppe.
  9015 | D:6      | Found a staircase to the Ecumenical Temple.
  9044 | Temple   | Entered the Ecumenical Temple
  9140 | Temple   | Became a worshipper of Dithmenos the Shadowed
  9317 | D:6      | Gained mutation: You have sharp toenails. [potion of
                  | mutation]
  9317 | D:6      | Gained mutation: You passively map a small area around you.
                  | [potion of mutation]
  9321 | D:6      | Reached skill level 13 in Stealth
  9906 | D:8      | Reached skill level 5 in Hexes
  9906 | D:8      | Reached XP level 10. HP: 53/53 MP: 16/16
 10180 | D:8      | Reached skill level 14 in Stealth
 10185 | D:8      | Got Sif Muna's Grimoire of Displacement and Changing
 10452 | D:8      | Found a staircase to the Lair.
 10479 | D:8      | Noticed Erica
 10483 | D:8      | Killed Erica
 10484 | D:8      | Reached skill level 15 in Stealth
 10521 | D:8      | Noticed Maurice
 10531 | D:8      | Killed Maurice
 10609 | D:8      | Reached * piety under Dithmenos
 10837 | D:8      | Reached skill level 5 in Spellcasting
 11198 | D:8      | Noticed a komodo dragon
 11214 | D:8      | Killed a komodo dragon
 11544 | Lair:1   | Entered Level 1 of the Lair of Beasts
 11545 | Lair:1   | Identified a scroll of acquirement
 11545 | Lair:1   | Acquired a +0 hat of stealth
 12440 | D:9      | Found a sacrificial altar of Ru.
 12456 | D:9      | Noticed a two-headed ogre
 12458 | D:9      | Killed a two-headed ogre
 12459 | D:9      | Reached skill level 16 in Stealth
 12459 | D:9      | Reached XP level 11. HP: 60/60 MP: 17/19
 13050 | D:9      | Reached ** piety under Dithmenos
 13061 | D:9      | Found a staircase to the Orcish Mines.
 13166 | D:10     | Entered Level 10 of the Dungeon
 13309 | D:10     | Noticed a cyclops
 13313 | D:10     | Killed a cyclops
 13763 | D:10     | Found a portal to a secret trove of treasure.
 13825 | D:10     | Noticed a two-headed ogre
 13829 | D:10     | Killed a two-headed ogre
 13843 | D:10     | Reached skill level 17 in Stealth
 14063 | D:10     | Noticed a two-headed ogre
 14067 | D:10     | Killed a two-headed ogre
 14640 | D:10     | Reached skill level 5 in Dodging
 14980 | D:11     | Reached skill level 18 in Stealth
 14980 | D:11     | Reached XP level 12. HP: 64/64 MP: 20/20
 15488 | D:11     | Noticed a two-headed ogre
 15492 | D:11     | Killed a two-headed ogre
 15492 | D:11     | Reached *** piety under Dithmenos
 15894 | D:11     | Noticed a boulder beetle
 15899 | D:11     | Killed a boulder beetle
 15900 | D:11     | Reached skill level 19 in Stealth
 15916 | D:11     | Noticed a two-headed ogre
 15920 | D:11     | Killed a two-headed ogre
 15921 | D:11     | Reached skill level 1 in Shields
 16586 | D:12     | Noticed a boulder beetle
 16588 | D:12     | Killed a boulder beetle
 18218 | D:12     | Learned a level 3 spell: Ozocubu's Armour
 18278 | D:13     | Reached skill level 20 in Stealth
 18296 | D:13     | Found a huge runed gate.
 18296 | D:13     | Found a huge runed gate.
 18315 | D:13     | Found a huge runed gate.
 18315 | D:13     | Found a huge runed gate.
 18315 | D:13     | Found a huge runed gate.
 18325 | D:13     | Found a huge runed gate.
 18325 | D:13     | Found a huge runed gate.
 18326 | D:13     | Found a huge runed gate.
 18327 | D:13     | Found a huge runed gate.
 18335 | D:13     | Found a huge runed gate.
 18335 | D:13     | Found a huge runed gate.
 18336 | D:13     | Found a huge runed gate.
 18337 | D:13     | Found a huge runed gate.
 18345 | D:13     | Found a flagged portal.
 18346 | D:13     | Found a huge runed gate.
 18346 | D:13     | Found a huge runed gate.
 18346 | D:13     | Found a huge runed gate.
 18346 | D:13     | Found a huge runed gate.
 18347 | D:13     | Noticed a four-headed hydra
 18365 | Bailey   | Entered a bailey
 18600 | Bailey   | Reached XP level 13. HP: 72/72 MP: 22/22
 18624 | D:13     | Found a huge runed gate.
 18624 | D:13     | Found a huge runed gate.
 18625 | D:13     | Found a huge runed gate.
 18626 | D:13     | Killed a four-headed hydra
 18643 | D:13     | Reached skill level 5 in Ice Magic
 18649 | D:13     | Found a huge runed gate.
 18691 | D:13     | Noticed a hellephant
 18691 | D:13     | Noticed a hellephant
 19133 | D:12     | HP: 1/72 [hell hog (9)]
 19774 | Lair:1   | Noticed an eight-headed hydra
 19778 | Lair:1   | Killed an eight-headed hydra
 19913 | Lair:1   | Reached skill level 21 in Stealth
 20094 | Lair:1   | Reached **** piety under Dithmenos
 20103 | Lair:1   | Slain by a komodo dragon

Illustrated notes

Levels and vault maps discovered:
D:1:      minmay_arrival_diagonal_passages, layout_basic
D:2:      layout_basic, basic_altar, serial_shops, shop,
          ebering_ecumenical_altar_rust, kennysheep_generic_room_5, uniq_jessica
D:3:      layout_rooms, ebering_ghost_disaster_area, solitary_fountain
D:4:      cheibrodos_greedy_goblins, layout_loops_ring, grunt_ministairs_4,
          hangedman_glass_teeth, uniq_ijyb
D:5:      layout_rooms, lightli_temple_of_fire, kennysheep_path_1,
          uniq_blork_the_orc
D:6:      layout_rooms, minmay_temple_entry_stoned_glass, serial_shops,
          nicolae_shop_trees
D:7:      layout_layer_cave
D:8:      layout_loops_ring, david_lair_shrubbed, fungi_pond_lemuel,
          uniq_maurice, uniq_erica
D:9:      layout_loops_ring, hangedman_ru_absence, david_orc_5
D:10:     layout_grid_maze, trove_entry_hex_spiral
D:11:     layout_cave_pods
D:12:     layout_small_grid, hangedman_decor_growths, drop_trap
D:13:     minmay_open_boxes_in_corner, layout_basic, enter_bailey_2,
          not_door_vault_due
Temple:   regret_index_temple_chain_breaker
Lair:1:   gammafunk_lair_enchanted_lake, layout_hall_layers,
          chequers_serial_rivers_small_b, grunt_megastairs_2

Skill      XL: |  1  2  3  4  5  6  7  8  9 10 11 12 13 |
---------------+----------------------------------------+-----
Stealth        | 5 7 8 9 11 13 16 18 20 21 | 21.0
Short Blades   | 2 3 4 5 6 8 9 |  9.1
Dodging        | 3 4 5 |  5.7
Spellcasting   | 3 4 5 6 |  6.9
Ice Magic      | 1 2 3 4 5 |  5.4
Fighting       | 1 2 3 4 |  4.6
Hexes          | 4 5 6 |  6.9
Shields        | 1 |  1.0
Evocations     | |  0.4

Action                   |  1- 3 |  4- 6 |  7- 9 | 10-12 | 13-15 || total
-------------------------+-------+-------+-------+-------+-------++-------
Melee: Dagger            |    50 |    84 |   183 |       |       ||   317
       Short sword       |       |       |    78 |   309 |    36 ||   423
 Cast: Corona            |     1 |       |       |       |       ||     1
       Ensorcelled Hiber |       |    14 |    46 |    53 |    28 ||   141
       Confusing Touch   |       |       |     5 |     9 |     2 ||    16
       Ozocubu's Armour  |       |       |       |     1 |     1 ||     2
Evoke: Wand              |       |       |       |     4 |       ||     4
  Use: Scroll            |     3 |     1 |     8 |    12 |     1 ||    25
       Potion            |       |       |     2 |       |     1 ||     3
 Stab: Sleeping          |    11 |    21 |    45 |    94 |    26 ||   197
       Distracted        |       |     1 |       |     1 |       ||     2
       Confused          |       |       |     5 |     7 |       ||    12
Armor: Robe              |     3 |    28 |    62 |    30 |     3 ||   126
       Steam dragon scal |       |       |       |     5 |       ||     5
Dodge: Dodged            |    26 |    57 |   165 |   161 |    36 ||   445
Block: Other             |       |       |       |    17 |     3 ||    20
